 Dungeon Crawl Stone Soup version 0.26.0-10-g1f06aea511 (webtiles) character file.

Game seed: 7953359133930561795

120 Dirian the Shield-Bearer (level 4, -2/40 HPs)
             Began as a Minotaur Fighter on Jan 21, 2021.
             Slain by a sky beast (5 damage)
             ... on level 3 of the Dungeon.
             The game lasted 00:02:00 (2264 turns).

Dirian the Shield-Bearer (Minotaur Fighter)         Turns: 2264, Time: 00:02:00

Health: -2/40      AC:  8    Str: 20    XL:     4   Next: 75%
Magic:  3/3        EV:  8    Int:  5    God:
Gold:   155        SH:  9    Dex: 11    Spells: 3/3 levels left

rFire    . . .     SeeInvis .   a - +0 long sword
rCold    . . .     Faith    .   c - +0 kite shield
rNeg     . . .     Spirit   .   b - +0 scale mail
rPois    .         Reflect  .   (helmet restricted)
rElec    .         Harm     .   s - +0 cloak
rCorr    .         Rampage  .   (no gloves)
Will     .....                  (no boots)
Stlth    ..........             (no amulet)
HPRegen  0.13/turn              (no ring)
MPRegen  0.08/turn              (no ring)

@: no status effects
A: retaliatory headbutt, horns 2
a: no special abilities


You were on level 3 of the Dungeon.
You visited 1 branch of the dungeon, and saw 3 of its levels.

You collected 155 gold pieces.

Inventory:

Hand Weapons
 a - a +0 long sword (weapon)
Armour
 b - a +0 scale mail (worn)
 c - a +0 kite shield (worn)
 s - a +0 cloak (worn)
Jewellery
 m - an uncursed ring of willpower {unknown}
 r - an uncursed ring of willpower {unknown}
Scrolls
 e - 3 scrolls of remove curse {unknown}
 h - 3 scrolls of identify {unknown}
 i - a scroll of enchant armour {unknown}
 l - a scroll of teleportation {unknown}
 n - a scroll of amnesia {unknown}
 q - 2 scrolls of noise {unknown}
 t - a scroll of magic mapping {unknown}
Potions
 d - a potion of might
 f - 2 potions of heal wounds {unknown}
 g - 2 potions of curing {unknown}
 j - a potion of invisibility {unknown}
 k - a potion of degeneration {unknown}
 o - 2 potions of flight {unknown}
 p - a potion of berserk rage {unknown}


   Skills:
 + Level 4.0 Fighting
 + Level 3.5 Long Blades
 + Level 4.2 Armour
 + Level 1.0 Dodging
 + Level 4.6 Shields
 * Level 1.3 Evocations


You had 3 spell levels left.
You didn't know any spells.
Your spell library was empty.

Dungeon Overview and Level Annotations

Branches:
Dungeon (3/15)

Altars:


Innate Abilities, Weirdness & Mutations

You reflexively headbutt those who attack you in melee.
You have a pair of horns on your head.


Message History

The sky beast is lightly wounded.
You hit the sky beast but do no damage.
The sky beast is lightly wounded.
The sky beast hits you. The sky beast shocks you.
* * * LOW HITPOINT WARNING * * *
You hit the sky beast. You headbutt the sky beast.
The sky beast is moderately wounded.
The sky beast closely misses you.
You hit the sky beast.
The sky beast is heavily wounded.
The sky beast hits you.
* * * LOW HITPOINT WARNING * * *
The sky beast shocks you.
* * * LOW HITPOINT WARNING * * *
The sky beast flickers out of sight!
Deactivating autopickup; reactivate with Ctrl-A.
Something hits you.
* * * LOW HITPOINT WARNING * * *
Something shocks you.
You die...

#### ##...# #######
##.....##......#
##.......#......#
.........#......#
#.......#......#
####..^..........#
.........{.......
##.......@#.....
##<....(..........
..................
.........##.....<...
....##.............#
........####.......##.
.........##........##.#
#............#..#.###.####
#########.........#......#


There were no monsters in sight!

Vanquished Creatures
  4 adders (D:2)
  2 oozes (D:1)
  3 dart slugs
  2 leopard geckos
  3 orcs (D:3)
  A ball python (D:1)
  3 giant cockroaches
  6 hobgoblins
  4 jackals (D:1)
  A quokka (D:2)
  8 bats
  3 frilled lizards (D:1)
  8 goblins
  7 kobolds
  11 rats
66 creatures vanquished.

Notes
Turn   | Place    | Note
-------+----------+-------------------------------------------
     0 | D:1      | Dirian the Minotaur Fighter began the quest for the Orb.
     0 | D:1      | Reached XP level 1. HP: 19/19 MP: 0/0
   176 | D:1      | Reached XP level 2. HP: 27/27 MP: 1/1
   411 | D:1      | Reached XP level 3. HP: 32/33 MP: 2/2
  1086 | D:2      | Reached skill level 1 in Evocations
  1086 | D:2      | Reached XP level 4. HP: 40/40 MP: 3/3
  2119 | D:3      | Reached skill level 1 in Dodging
  2251 | D:3      | Noticed a sky beast
  2264 | D:3      | Slain by a sky beast

Illustrated notes

Levels and vault maps discovered:
D:1:      dpeg_arrival_circle_labyrinth_c, layout_basic, minmay_pentomino_t2
D:2:      layout_loops_corners, minmay_cupped
D:3:      layout_rooms

Skill      XL: |  1  2  3  4 |
---------------+-------------+-----
Armour         | 4 |  4.2
Shields        | 4 |  4.6
Fighting       | 4 |  4.0
Long Blades    | 3 |  3.5
Evocations     | 1 |  1.3
Dodging        | 1 |  1.0

Action                   |  1- 3 |  4- 6 || total
-------------------------+-------+-------++-------
Melee: Long sword        |    80 |    60 ||   140
       Headbutt          |    12 |     7 ||    19
Armor: Scale mail        |    31 |    27 ||    58
Dodge: Dodged            |    22 |    20 ||    42
Block: Kite shield       |    36 |    38 ||    74
       Rpst.: Long sword |     4 |     7 ||    11
